 Dungeon Crawl Stone Soup version 0.25.0-11-g1f837a76a1 (webtiles) character file.

Game seed: 12829883373773794544

21 mopl the Conjurer (level 2, -1/17 HPs)
             Began as an Octopode Conjurer on June 24, 2020.
             Slain by a kobold
             ... wielding a +0 short sword
              (6 damage)
             ... on level 1 of the Dungeon.
             The game lasted 00:00:55 (409 turns).

mopl the Conjurer (Octopode Conjurer)                Turns: 409, Time: 00:00:56

Health: -1/17      AC:  1    Str:  7    XL:     2   Next: 87%
Magic:  0/5        EV: 13    Int: 17    God:
Gold:   29         SH:  0    Dex: 12    Spells: 3/6 levels left

rFire    . . .     SeeInvis .   (no weapon)
rCold    . . .     Gourm    .   (no shield)
rNeg     + . .     Faith    .   (helmet restricted)
rPois    .         Spirit   .   (no amulet)
rElec    .         Reflect  .   c - ring of positive energy
rCorr    .         Harm     .   (no ring)
MR       .....                  (no ring)
Stlth    +++.......             (no ring)
HPRegen  0.05/turn              (no ring)
MPRegen  0.09/turn              (no ring)
                                (no ring)
                                (no ring)

@: no status effects
A: almost no armour, stealthy swim, amphibious, 8 rings, constrict 8, camouflage
1, gelatinous body 1
a: no special abilities


You were on level 1 of the Dungeon.
You were not hungry.

You visited 1 branch of the dungeon, and saw 1 of its levels.

You collected 29 gold pieces.

Inventory:

Jewellery
 c - a ring of positive energy (left tentacle)
Scrolls
 a - 2 scrolls of identify {unknown}
Comestibles
 b - a ration
 d - 7 chunks of flesh


   Skills:
 - Level 2.0 Dodging
 - Level 2.6 Stealth
 + Level 2.6 Spellcasting
 + Level 4.4 Conjurations


You had 3 spell levels left.
You knew the following spells:

 Your Spells              Type           Power        Failure   Level  Hunger
a - Magic Dart            Conj           ###.         3%          1    #......
b - Searing Ray           Conj           ###...       4%          2    ##.....

Your spell library contained the following spells:

 Spells                   Type           Power        Failure   Level  Hunger
 Dazzling Flash           Conj/Hex       #.....       22%         3    ###....
 Fulminant Prism          Conj/Hex       #.........   58%         4    #####..
 Iskenderun's Mystic Bla  Conj/Tloc      #.......     58%         4    #####..


Dungeon Overview and Level Annotations

Branches:
Dungeon (1/15)

Altars:


Innate Abilities, Weirdness & Mutations

You cannot wear most types of armour.
You are very stealthy in the water. (Stealth+)
You are amphibious.
You can wear up to eight rings at the same time.
You can use your tentacles to constrict eight enemies at once.
Your skin changes colour to match your surroundings (Stealth+).
Your rubbery body absorbs attacks. (AC +1, EV +1)


Message History

You finish channeling your searing ray.
The frilled lizard misses you.
You tentacle-slap the frilled lizard but do no damage.
You grab the frilled lizard. You constrict the frilled lizard.
The frilled lizard bites you but does no damage.
You tentacle-slap the frilled lizard but do no damage.
The frilled lizard is heavily wounded.
You constrict the frilled lizard, but do no damage.
The frilled lizard bites you.
* * * LOW HITPOINT WARNING * * *
You tentacle-slap the frilled lizard but do no damage.
The frilled lizard is heavily wounded.
You constrict the frilled lizard.
You kill the frilled lizard!
You tentacle-slap the kobold. Your grab misses the kobold.
The kobold is moderately wounded.
The kobold barely misses you.
You barely miss the kobold. Your grab misses the kobold.
The kobold is moderately wounded.
The kobold hits you with a +0 short sword.
You die...

#.........h# ...
#..........##..#
#..............#
#..........###.# ###
#..........# #.# #..
#.........%###.# #..
#.%......l..g#.# ####..
#..........#K#.# ##.....
###.########@#.########..##..
#.# #............#...# #(#
###...##########.### #.#
#.....#####......# #.#
#.(....##...###### #.#
#...#..#..###
####.######........##########
#...[....##...#............).
#.######..#####.#...#########


You could see a goblin and a kobold.

Vanquished Creatures
  2 dart slugs (D:1)
  6 bats (D:1)
  A giant cockroach (D:1)
  A goblin (D:1)
  A hobgoblin (D:1)
  2 jackals (D:1)
  A frilled lizard (D:1)
  2 rats (D:1)
16 creatures vanquished.

Notes
Turn   | Place    | Note
-------+----------+-------------------------------------------
     0 | D:1      | mopl the Octopode Conjurer began the quest for the Orb.
     0 | D:1      | Reached XP level 1. HP: 11/11 MP: 3/3
   284 | D:1      | Reached XP level 2. HP: 5/17 MP: 3/5
   291 | D:1      | Learned a level 2 spell: Searing Ray
   409 | D:1      | Slain by a kobold

Illustrated notes

Levels and vault maps discovered:
D:1:      nagdon_arrival_zigzag_paths, layout_rooms

Action                   || total
-------------------------++-------
Melee: Unarmed           ||    28
       Constrict         ||     9
       Tentacles         ||     7
 Cast: Magic Dart        ||    12
       Searing Ray       ||     1
Armor: Skin              ||    14
Dodge: Dodged            ||    44
